[Event "Asian Academies Hybrid Chess-ch 2021"]
[Site "Tornelo"]
[Date "2021.11.21"]
[Round "1.1"]
[White "Zaeef Maheen, Chowdhury"]
[Black "Sakline Mostafa, Sajid"]
[Result "0-1"]
[ECO "B45"]
[WhiteElo "1417"]
[BlackElo "1988"]
[Annotator "NA"]
[PlyCount "58"]
[EventDate "2021.11.21"]
[EventCountry "NET"]
[SourceTitle "playchess.com"]
[Source "ChessBase"]
[SourceQuality "1"]
[TimeControl "3600+30"]

1. e4 c5 2. Nf3 Nc6 3. d4 cxd4 4. Nxd4 Nf6 5. Nc3 e6 6. a3 d5 7. Bb5 {[%emt 0:01:56] 7.Bb5 scores better than 7.exd5.} Bd7 8. exd5 exd5 9. O-O Be7 10. Re1 O-O 11. h3 {[%emt 0:05:04] [#]} h6 $146 ({Predecessor:} 11... a6 12. Ba4 Nxd4 13. Qxd4 Bxa4 14. Qxa4 Bc5 15. Bg5 h6 16. Bh4 g5 17. Bg3 b5 {0-1 (36) Karjakin,S (2752)-Grachev,B (2612) Chess.com INT 2020}) 12. Bf4 Rc8 13. Bxc6 bxc6 14. Nf3 Re8 15. Ne5 Bf5 16. g4 Bh7 17. Ne2 c5 18. c4 d4 19. Nd3 Bd6 20. Bxd6 Qxd6 21. Ng3 Rxe1+ 22. Nxe1 d3 23. Nf5 $2 (23. Qd2 $17) 23... Bxf5 24. gxf5 d2 25. Nc2 Rd8 26. Ne3 $19 Rb8 27. Qc2 Qd4 28. Rb1 Ne4 29. b4 Re8 0-1

[Event "Asian Academies Hybrid Chess-ch 2021"]
[Site "Tornelo"]
[Date "2021.11.21"]
[Round "1.2"]
[White "Manon, Reja Neer"]
[Black "Kazi Afsan Rawnak, Anan"]
[Result "1-0"]
[ECO "B91"]
[WhiteElo "2048"]
[BlackElo "1410"]
[Annotator "NA"]
[PlyCount "65"]
[EventDate "2021.11.21"]
[EventCountry "NET"]
[SourceTitle "playchess.com"]
[Source "ChessBase"]
[SourceQuality "1"]
[TimeControl "3600+30"]

1. e4 c5 2. Nc3 d6 3. g3 Nf6 4. Bg2 g6 5. Nge2 Bg7 6. O-O O-O 7. d4 cxd4 8. Nxd4 a6 9. h3 e5 10. Nb3 Nc6 11. Be3 Be6 12. Qd2 Ne8 13. f4 f5 14. Rad1 Qe7 15. exf5 Bxf5 16. Nd5 Qd8 17. fxe5 Nxe5 18. Bg5 Qb8 19. Nd4 Bd7 20. Nb6 Ra7 21. Bd5+ Kh8 22. Rxf8+ Bxf8 23. Nxd7 Nxd7 24. Ne6 Bg7 25. Rf1 Nc5 26. Nxg7 Nxg7 27. Be7 Nd7 28. Qd4 Ra8 29. Rf7 Ne5 30. Bf6 Nxf7 31. Bxg7+ Kg8 32. Qf6 Qe8 33. Be6 $18 ({Stronger than} 33. Bh6 Qe1+ {[%mdl 64] Double Attack} 34. Kh2 Qe2+ {[%mdl 64] Double Attack} 35. Kg1 Qd1+ 36. Kh2 Qxc2+ 37. Kh1 Qd1+ 38. Kh2 Qe2+ 39. Kh1 Qd1+ 40. Kh2 Qe2+ 41. Kh1 Qd1+ $11) (33. Kf2 $142 Qd7 34. g4) 1-0

[Event "Asian Academies Hybrid Chess-ch 2021"]
[Site "Tornelo"]
[Date "2021.11.21"]
[Round "1.2"]
[White "Husam Al-Dain Abdulhakim Nashe"]
[Black "Galiakbarov, Aldiyar"]
[Result "1-0"]
[ECO "B22"]
[WhiteElo "1342"]
[BlackElo "1141"]
[Annotator "NA RC"]
[PlyCount "67"]
[EventDate "2021.11.21"]
[EventCountry "NET"]
[SourceTitle "playchess.com"]
[Source "ChessBase"]
[SourceQuality "1"]
[TimeControl "3600+30"]

1. e4 c5 2. Nf3 e6 3. c3 d5 4. exd5 exd5 5. d4 c4 6. Bf4 Nf6 7. Nbd2 Bf5 8. Be2 Bd6 9. Ne5 O-O 10. O-O Bxe5 11. dxe5 Ne4 12. Nf3 Nc6 13. Nd4 Nxd4 14. Qxd4 Be6 15. f3 Ng5 16. h4 Nh3+ 17. gxh3 Qxh4 18. Bh2 Qxh3 19. Kh1 f6 20. Rg1 fxe5 21. Qxe5 g6 22. Rg3 Qf5 23. Rg5 Qf7 24. Bg1 h6 25. Bd4 Kh7 26. Rxg6 Qxg6 27. Rg1 Rg8 28. Rxg6 Rxg6 29. Bd1 Rag8 30. Bc2 Bf7 31. Qf6 h5 32. Qxf7+ Kh6 33. Be3+ Rg5 34. Qh7# 1-0

[Event "Asian Academies Hybrid Chess-ch 2021"]
[Site "Tornelo"]
[Date "2021.11.21"]
[Round "1.2"]
[White "Naimanov, Galymzhan"]
[Black "Khaled waleed Abdullah"]
[Result "0-1"]
[ECO "B34"]
[WhiteElo "1256"]
[BlackElo "1568"]
[Annotator "NA RC"]
[PlyCount "78"]
[EventDate "2021.11.21"]
[EventCountry "NET"]
[SourceTitle "playchess.com"]
[Source "ChessBase"]
[SourceQuality "1"]
[TimeControl "3600+30"]

1. e4 c5 2. Nf3 g6 3. d4 cxd4 4. Nxd4 Bg7 5. Be3 Nc6 6. Nc3 Nf6 7. Be2 Qa5 8. Qd2 Nxe4 9. Nxc6 Qxc3 10. Qxc3 Nxc3 11. Nd4 Nd5 12. O-O-O Nxe3 13. fxe3 O-O 14. Bf3 a6 15. Nb3 d6 16. Na5 Ra7 17. Rd3 b6 18. Nc6 Rc7 19. Rb3 b5 20. Ra3 e6 21. Nb4 Ra7 22. Nc6 Rc7 23. Nb4 d5 24. Nxa6 Ra7 25. Nb4 Rxa3 26. bxa3 Bb7 27. Be2 Ra8 28. Bxb5 Rxa3 29. Kb1 Rxe3 30. Nd3 e5 31. Nc5 Ba8 32. a4 e4 33. Rd1 Bf8 34. Nd7 Bg7 35. c4 d4 36. a5 Ra3 37. a6 d3 38. Kc1 Bc3 39. Nf6+ Kh8 0-1

[Event "Asian Academies Hybrid Chess-ch 2021"]
[Site "Tornelo"]
[Date "2021.11.21"]
[Round "1.3"]
[White "Ridwan, Rabbani"]
[Black "Shadat, Kibria Ayaan"]
[Result "0-1"]
[ECO "D06"]
[WhiteElo "1170"]
[BlackElo "1623"]
[Annotator "NA"]
[PlyCount "54"]
[EventDate "2021.11.21"]
[EventCountry "NET"]
[SourceTitle "playchess.com"]
[Source "ChessBase"]
[SourceQuality "1"]
[TimeControl "3600+30"]

1. d4 d5 2. c4 Nf6 3. cxd5 Qxd5 4. Nc3 Qa5 5. Bd2 c6 6. e4 Qb6 7. Bc1 e6 8. a3 Nbd7 9. Nf3 Qc7 10. Bd3 e5 11. dxe5 Nxe5 12. Nxe5 Qxe5 13. h3 Bc5 14. O-O Bxh3 15. gxh3 Qg3+ 16. Kh1 Qxh3+ 17. Kg1 O-O-O 18. Re1 Rxd3 19. Qxd3 Qxd3 20. Bf4 Ng4 21. Be3 Nxe3 22. fxe3 Bxe3+ 23. Rxe3 Qxe3+ 24. Kf1 Qf3+ 25. Ke1 Qh1+ 26. Kd2 Rd8+ 27. Kc2 Qxa1 0-1

[Event "Asian Academies Hybrid Chess-ch 2021"]
[Site "Tornelo"]
[Date "2021.11.21"]
[Round "1.3"]
[White "Newansa, M Esandi"]
[Black "Akrami, Tohid"]
[Result "1-0"]
[ECO "D00"]
[WhiteElo "1121"]
[BlackElo "1075"]
[Annotator "NA RC"]
[PlyCount "99"]
[EventDate "2021.11.21"]
[EventCountry "NET"]
[SourceTitle "playchess.com"]
[Source "ChessBase"]
[SourceQuality "1"]
[TimeControl "3600+30"]

1. d4 d5 2. Bf4 Bf5 3. e3 e6 4. c3 Bd6 5. Bg3 c5 6. Nd2 Nc6 7. Ngf3 Nf6 8. Bb5 Bxg3 9. hxg3 Qb6 10. Qb3 c4 11. Qa4 a6 12. Bxc6+ bxc6 13. Qa3 Rb8 14. b3 cxb3 15. axb3 Bc2 16. O-O Bd3 17. Rfc1 Kd7 18. Ne5+ Ke8 19. Nxd3 Ra8 20. Nc5 Nd7 21. Nxd7 Kxd7 22. c4 a5 23. cxd5 cxd5 24. Qa4+ Ke7 25. Rc6 Qb4 26. Rc7+ Kf6 27. Qa2 Rhc8 28. Rac1 Rxc7 29. Rxc7 a4 30. bxa4 Rxa4 31. Qc2 Qa5 32. Rc5 Qb4 33. Nf3 Ra1+ 34. Kh2 Qb1 35. Qxb1 Rxb1 36. Ne5 Rb7 37. Kh3 Kg5 38. e4 dxe4 39. Nxf7+ Kf6 40. Nd6 Rb1 41. Nxe4+ Kf7 42. Ng5+ Kg6 43. Nxe6 Kf6 44. Nf4 g5 45. Nd5+ Kg6 46. Kg4 Rb3 47. Rc6+ Kg7 48. Kxg5 h6+ 49. Rxh6 Rb5 50. Rd6 1-0

[Event "Asian Academies Hybrid Chess-ch 2021"]
[Site "Tornelo"]
[Date "2021.11.21"]
[Round "1.4"]
[White "Ahmed, Walijah"]
[Black "Wadifa, Ahmed"]
[Result "0-1"]
[ECO "B48"]
[WhiteElo "1975"]
[BlackElo "1759"]
[Annotator "NA"]
[PlyCount "114"]
[EventDate "2021.11.21"]
[EventCountry "NET"]
[SourceTitle "playchess.com"]
[Source "ChessBase"]
[SourceQuality "1"]
[TimeControl "3600+30"]

1. e4 c5 2. Nf3 e6 3. d4 cxd4 4. Nxd4 Nc6 5. Nc3 a6 6. Be3 Qc7 7. Qf3 Nf6 8. Qg3 Qxg3 9. hxg3 Ng4 10. O-O-O Bc5 11. Be2 Nxe3 12. fxe3 d6 13. Na4 Bd7 14. Nxc5 dxc5 15. Nb3 Ne5 16. Nxc5 Bc6 17. Rh5 Ng6 18. Rdh1 h6 19. Bf3 Rc8 20. Nd3 Ke7 21. Nf4 Nxf4 22. exf4 Rc7 23. g4 Rhc8 24. c3 b5 25. Kb1 b4 26. Rc5 Bxe4+ 27. Bxe4 Rxc5 28. cxb4 Rc4 29. Bd3 Rxb4 30. Bxa6 Rcb8 31. b3 Rxf4 32. Rc1 Rf2 33. Rc2 Rxc2 34. Kxc2 Ra8 35. Bb7 Rxa2+ 36. Kc3 Kd6 37. b4 Kc7 38. Bf3 Kb6 39. Kc4 Rc2+ 40. Kb3 Rc7 41. Be2 $19 g6 42. Bc4 Re7 43. Kc3 e5 44. Kd3 Rc7 45. Bd5 Rd7 46. Ke4 f6 47. Be6 Rd4+ 48. Kf3 Rxb4 49. Bf7 Rf4+ 50. Kg3 f5 51. gxf5 gxf5 52. Be6 Kc5 53. Kh3 e4 54. g3 Rf2 55. g4 f4 56. g5 hxg5 57. Kg4 e3 0-1

[Event "Asian Academies Hybrid Chess-ch 2021"]
[Site "Tornelo"]
[Date "2021.11.21"]
[Round "1.4"]
[White "Babaei, Amir Hossein"]
[Black "Mohammadi, Mohamad Amin"]
[Result "0-1"]
[ECO "E90"]
[WhiteElo "1286"]
[BlackElo "1855"]
[Annotator "NA RC"]
[PlyCount "38"]
[EventDate "2021.11.21"]
[EventCountry "NET"]
[SourceTitle "playchess.com"]
[Source "ChessBase"]
[SourceQuality "1"]
[TimeControl "3600+30"]

1. d4 Nf6 2. Nf3 g6 3. c4 Bg7 4. Nc3 O-O 5. e4 d6 6. h3 e5 7. d5 Nh5 8. Qc2 f5 9. Bg5 Qe8 10. g4 fxg4 11. hxg4 Bxg4 12. Nh2 Bd7 13. O-O-O Na6 14. Be3 Nf4 15. Be2 Nb4 16. Qd2 a5 17. a3 Na6 18. Kb1 Nc5 19. Nf3 Nxe2 0-1

[Event "Asian Academies Hybrid Chess-ch 2021"]
[Site "Tornelo"]
[Date "2021.11.21"]
[Round "1.4"]
[White "Gholizadeh, Parya"]
[Black "Heydari, Simin"]
[Result "0-1"]
[ECO "D05"]
[WhiteElo "1256"]
[BlackElo "1147"]
[Annotator "NA RC"]
[PlyCount "68"]
[EventDate "2021.11.21"]
[EventCountry "NET"]
[SourceTitle "playchess.com"]
[Source "ChessBase"]
[SourceQuality "1"]
[TimeControl "3600+30"]

1. d4 d5 2. Nf3 Nf6 3. e3 e6 4. Bd3 Nbd7 5. Nbd2 Bd6 6. O-O O-O 7. e4 dxe4 8. Nxe4 Nxe4 9. Bxe4 Nf6 10. Bd3 h6 11. Ne5 c5 12. Nf3 b6 13. c3 cxd4 14. Nxd4 Bd7 15. Nb5 Bxb5 16. Bxb5 Qc7 17. h3 Rfd8 18. Qf3 a6 19. Ba4 Nd5 20. Bc2 Rac8 21. Qd3 Nf6 22. Qxa6 Be7 23. Be3 Bc5 24. Bxc5 Qxc5 25. Rad1 Nd5 26. Qd3 f5 27. Qg3 Qd6 28. Qxd6 Rxd6 29. Rfe1 Kf7 30. Bb3 b5 31. Bxd5 Rxd5 32. Rxd5 exd5 33. Re5 Rc5 34. Rxf5+ Ke6 0-1

[Event "Asian Academies Hybrid Chess-ch 2021"]
[Site "Tornelo"]
[Date "2021.11.21"]
[Round "3.2"]
[White "Amarathunga, Kosala Sandeepa Cham"]
[Black "Kazi Afsan Rawnak, Anan"]
[Result "0-1"]
[ECO "B52"]
[WhiteElo "1353"]
[BlackElo "1410"]
[Annotator "NA RC"]
[PlyCount "70"]
[EventDate "2021.11.21"]
[EventCountry "NET"]
[SourceTitle "playchess.com"]
[Source "ChessBase"]
[SourceQuality "1"]
[TimeControl "3600+30"]

1. e4 c5 2. Nf3 d6 3. Bb5+ Bd7 4. Bxd7+ Qxd7 5. O-O Nf6 6. Re1 e5 7. c3 Nc6 8. d4 cxd4 9. cxd4 Be7 10. Nc3 O-O 11. d5 Nb4 12. Nh4 Qg4 13. Nf5 Rfe8 14. Qd2 Rac8 15. Re3 Nh5 16. Rh3 Kh8 17. a3 Na6 18. Qe1 Nc5 19. f3 Qg6 20. Nxe7 Rxe7 21. Qh4 Nf6 22. Bd2 Nb3 23. Rd1 Nxd2 24. Rxd2 Rec7 25. g4 Nd7 26. Qf2 a6 27. Rg3 Qg5 28. Kg2 Nb6 29. h4 Qf4 30. Re2 Nc4 31. Kh3 Nxb2 32. Rxb2 Rxc3 33. Rxb7 Rxa3 34. Qb2 Rxf3 35. Rb3 Qxg3# 0-1

[Event "Asian Academies Hybrid Chess-ch 2021"]
[Site "Tornelo"]
[Date "2021.11.21"]
[Round "3.2"]
[White "Newansa, M Esandi"]
[Black "Ridwan, Rabbani"]
[Result "1-0"]
[ECO "D02"]
[WhiteElo "1121"]
[BlackElo "1170"]
[Annotator "NA RC"]
[PlyCount "103"]
[EventDate "2021.11.21"]
[EventCountry "NET"]
[SourceTitle "playchess.com"]
[Source "ChessBase"]
[SourceQuality "1"]
[TimeControl "3600+30"]

1. d4 Nf6 2. Bf4 g6 3. e3 Bg7 4. Nf3 O-O 5. c3 d5 6. Nbd2 e6 7. Bd3 Nbd7 8. O-O c5 9. Bd6 Re8 10. Bxc5 Nxc5 11. dxc5 Ng4 12. h3 Ne5 13. Nxe5 Bxe5 14. Nb3 Bb8 15. f4 e5 16. f5 e4 17. fxg6 hxg6 18. Bb5 Re5 19. Qe1 Rh5 20. Qf2 f5 21. Be2 Qc7 22. Rfd1 Qh2+ 23. Kf1 Rg5 24. Rxd5 Be6 25. Rd2 f4 26. Rd8+ Kg7 27. exf4 Rf5 28. Nd4 Qh1+ 29. Qg1 Rxf4+ 30. Bf3 Bc4+ 31. Kf2 Qxg1+ 32. Rxg1 exf3 33. gxf3 Rf8 34. Rxf8 Kxf8 35. Rxg6 Bxa2 36. h4 Bf7 37. Rg1 Be5 38. Ke3 Bxd4+ 39. cxd4 Bh5 40. Rg5 Re8+ 41. Kd3 Bxf3 42. Rf5+ Kg7 43. Rxf3 Rh8 44. Rf4 Kg6 45. Kc4 Re8 46. Kd5 Rd8+ 47. Ke6 Rxd4 48. Rxd4 Kh5 49. Kf6 b6 50. c6 b5 51. c7 b4 52. c8=Q 1-0

[Event "Asian Academies Hybrid Chess-ch 2021"]
[Site "Tornelo"]
[Date "2021.11.21"]
[Round "3.3"]
[White "Sadeghi Shoormasti, Ali"]
[Black "Khaled waleed Abdullah"]
[Result "0-1"]
[ECO "D02"]
[WhiteElo "1751"]
[BlackElo "1568"]
[Annotator "NA RC"]
[PlyCount "150"]
[EventDate "2021.11.21"]
[EventCountry "NET"]
[SourceTitle "playchess.com"]
[Source "ChessBase"]
[SourceQuality "1"]
[TimeControl "3600+30"]

1. d4 Nf6 2. Nf3 e6 3. Bf4 d5 4. e3 Bd6 5. Bg3 O-O 6. Bd3 c5 7. c3 Nc6 8. O-O b6 9. Nbd2 Bb7 10. Rc1 Rc8 11. Bb1 Ne7 12. Bh4 Ne4 13. Nxe4 dxe4 14. Nd2 f5 15. a3 Qe8 16. dxc5 Bxc5 17. b4 Ng6 18. Qh5 Be7 19. Bxe7 Qxe7 20. Ba2 Ne5 21. Bb1 Rf6 22. Qh4 Rd8 23. Rfd1 Kh8 24. Kh1 Qd6 25. Bc2 Rh6 26. Qg3 Ng4 27. Nf1 Qe7 28. Rxd8+ Qxd8 29. Rd1 Qc8 30. Kg1 Bd5 31. Rd4 Nf6 32. Qe5 Nd7 33. Qg3 Qxc3 34. Ba4 Nf6 35. Qb8+ Ng8 36. Be8 Rf6 37. Qxa7 Qc1 38. Qa4 Rf8 39. Rd1 Qc3 40. Bd7 Bb3 41. Rc1 Bxa4 42. Rxc3 Bxd7 43. h3 Nf6 44. Nd2 Rc8 45. Rb3 Ba4 46. Rb2 Nd5 47. Kh2 Rc3 48. Ra2 Kg8 49. Nf1 Rc2 50. Ra1 Rxf2 51. Rc1 Rc2 52. Rb1 b5 53. Kg3 Rc3 54. Kf2 Rxa3 55. Rc1 Nxb4 56. Rc7 Nd3+ 57. Kg3 b4 58. Nd2 Ra2 59. Nc4 Rc2 60. Rc8+ Kf7 61. Nd6+ Ke7 62. Ra8 Kxd6 63. Ra6+ Bc6 64. Rb6 Kc5 65. Rb8 Kd6 66. Rd8+ Kc7 67. Rd4 b3 68. Kh4 b2 69. g4 b1=Q 70. Kg5 fxg4 71. hxg4 Rc5+ 72. Kh4 Qh1+ 73. Kg3 Rc2 74. Rd7+ Kxd7 75. g5 Rg2# 0-1

[Event "Asian Academies Hybrid Chess-ch 2021"]
[Site "Tornelo"]
[Date "2021.11.21"]
[Round "3.3"]
[White "Husam Al-Dain Abdulhakim Nashe"]
[Black "Alizadeh, Amirhosein"]
[Result "1-0"]
[ECO "B22"]
[WhiteElo "1342"]
[BlackElo "1688"]
[Annotator "NA RC"]
[PlyCount "41"]
[EventDate "2021.11.21"]
[EventCountry "NET"]
[SourceTitle "playchess.com"]
[Source "ChessBase"]
[SourceQuality "1"]
[TimeControl "3600+30"]

1. e4 c5 2. Nf3 Nc6 3. c3 d5 4. exd5 Qxd5 5. d4 e6 6. Bd3 cxd4 7. cxd4 Bb4+ 8. Nc3 Nf6 9. O-O Bxc3 10. bxc3 Qa5 11. Bg5 Bd7 12. Qb3 h6 13. Bh4 Nd5 14. c4 Nf4 15. d5 Nb4 16. dxe6 Bxe6 17. Bb1 O-O 18. Be7 Na6 19. Bxf8 Rxf8 20. Qe3 Bxc4 21. Qe4 1-0

[Event "Asian Academies Hybrid Chess-ch 2021"]
[Site "Tornelo"]
[Date "2021.11.21"]
[Round "4.1"]
[White "Shadat, Kibria Ayaan"]
[Black "Akrami, Tohid"]
[Result "1/2-1/2"]
[ECO "C01"]
[WhiteElo "1623"]
[BlackElo "1075"]
[Annotator "NA RC"]
[PlyCount "92"]
[EventDate "2021.11.21"]
[EventCountry "NET"]
[SourceTitle "playchess.com"]
[Source "ChessBase"]
[SourceQuality "1"]
[TimeControl "3600+30"]

1. e4 e6 2. d4 d5 3. exd5 exd5 4. Nf3 Nf6 5. Bd3 Bd6 6. O-O O-O 7. Bg5 Bg4 8. Nbd2 Nbd7 9. c3 c6 10. Qc2 h6 11. Bh4 Re8 12. h3 Bxf3 13. Nxf3 Qc7 14. Bxf6 Nxf6 15. Rae1 b6 16. c4 Nh5 17. cxd5 cxd5 18. Qxc7 Bxc7 19. Bb5 Re6 20. Rxe6 fxe6 21. Re1 Nf4 22. g3 Nxh3+ 23. Kg2 Ng5 24. Nxg5 hxg5 25. Rxe6 Kf7 26. Rc6 Bd8 27. Rd6 Bf6 28. Rxd5 Rd8 29. Rxd8 Bxd8 30. Kf3 Bf6 31. Ke4 Ke6 32. a4 Kd6 33. Ba6 Ke6 34. b4 Be7 35. Bc4+ Kd6 36. b5 Bf6 37. Bd5 Kd7 38. f3 Kd6 39. Bc6 Ke6 40. f4 gxf4 41. gxf4 g5 42. fxg5 Bxg5 43. d5+ Kd6 44. Kf5 Bh4 45. Ba8 Be7 46. Bb7 Bh4 1/2-1/2

[Event "Asian Academies Hybrid Chess-ch 2021"]
[Site "Tornelo"]
[Date "2021.11.21"]
[Round "4.2"]
[White "Bahadori, Arash"]
[Black "Husam Al-Dain Abdulhakim Nashe"]
[Result "1-0"]
[ECO "A45"]
[WhiteElo "1835"]
[BlackElo "1342"]
[Annotator "NA RC"]
[PlyCount "113"]
[EventDate "2021.11.21"]
[EventCountry "NET"]
[SourceTitle "playchess.com"]
[Source "ChessBase"]
[SourceQuality "1"]
[TimeControl "3600+30"]

1. d4 Nf6 2. Bg5 g6 3. Bxf6 exf6 4. e3 Bg7 5. Ne2 O-O 6. Nf4 d5 7. h4 c5 8. c3 cxd4 9. cxd4 Nc6 10. Nc3 Be6 11. h5 g5 {[%emt 0:00:51] [#]} 12. h6 $1 Bh8 13. Nh5 Qd7 14. Bd3 Nb4 15. Bb1 Bg4 {[%emt 0:01:17] [#]} (15... Rfe8 $16 16. a3 Nc6) 16. Qb3 $1 Bxh5 (16... Qd6 $142 17. a3 Nc6 18. Qxd5 Qe7) 17. Rxh5 ({Weaker is} 17. Qxb4 Bg6 $16) 17... Qg4 18. Rh2 ({Weaker is} 18. Qxb4 Qxh5 19. Nxd5 Rae8 $16) 18... Nc6 19. Qxd5 ({Weaker is} 19. Qxb7 Qe6 $16) 19... Rfe8 {[%emt 0:02:48] [#]} (19... Rad8 $142 20. Qe4 Qxe4 21. Bxe4 Rfe8) 20. Bxh7+ $1 Kf8 21. Qc5+ Ne7 22. Bd3 b6 23. Qa3 Qd7 24. O-O-O a6 25. Kb1 b5 26. Ne4 b4 27. Qxb4 Rab8 28. Qd6 Qa4 29. Nc3 Qa5 30. Qc5 Qd8 31. Rhh1 Qd7 32. Rc1 Qb7 33. Qa3 Qxg2 34. Ne4 Rb6 35. b3 f5 {[%emt 0:05:31] [#]} 36. Rcg1 $1 Rxh6 37. Rxg2 Rxh1+ 38. Kb2 fxe4 39. Bxe4 Re1 40. Bd3 Rc8 41. Qxa6 Rd1 42. f4 g4 43. Bc2 Re1 44. Rxg4 Rc6 45. Qa8+ Rc8 46. Qa6 $2 ({White has to play} 46. Qf3 $18 Bf6 47. Qf2) 46... Rc6 $1 47. Qd3 Rh1 48. Rg2 Re1 49. a4 Rd6 50. Qb5 Nc6 51. Be4 Rxe3 52. Bxc6 Rxd4 53. Ka3 Bf6 54. Bd5 Re1 55. Qb8+ Re8 {[%emt 0:00:05] [#]} 56. Rg8+ $3 {[%emt 0:00:14] Decoy} Kxg8 57. Qxe8+ {[%emt 0:00:03] Double Attack} 1-0

[Event "Asian Academies Hybrid Chess-ch 2021"]
[Site "Tornelo"]
[Date "2021.11.21"]
[Round "4.2"]
[White "Khaled waleed Abdullah"]
[Black "Alizadeh, Amirmohammad"]
[Result "1-0"]
[ECO "A05"]
[WhiteElo "1568"]
[BlackElo "1792"]
[Annotator "NA RC"]
[PlyCount "75"]
[EventDate "2021.11.21"]
[EventCountry "NET"]
[SourceTitle "playchess.com"]
[Source "ChessBase"]
[SourceQuality "1"]
[TimeControl "3600+30"]

1. e4 c5 2. Nf3 Nc6 3. d3 Nf6 4. g3 d6 5. Bg2 g6 6. O-O Bg7 7. Re1 O-O 8. c3 Bg4 9. Nbd2 b5 10. h3 Bxf3 11. Nxf3 b4 12. d4 cxd4 13. cxd4 d5 14. e5 Ne4 15. Be3 e6 16. Rc1 Rc8 17. Nd2 Nxd2 18. Qxd2 Qa5 19. b3 Qb6 20. Bf1 f6 21. f4 fxe5 22. dxe5 Qb7 23. Bg2 Rf7 24. h4 Rfc7 25. Qd1 Ne7 26. Qd2 Nf5 27. Bf2 Bf8 28. g4 Nh6 29. Bf3 Rc3 30. Kg2 a5 31. Bd4 R3c6 32. Bb2 R8c7 33. Rxc6 Rxc6 34. Rc1 Qc8 35. Rxc6 Qxc6 36. Qc1 Qd7 37. Bd4 Qa4 38. bxa4 1-0

[Event "Asian Academies Hybrid Chess-ch 2021"]
[Site "Tornelo"]
[Date "2021.11.21"]
[Round "4.3"]
[White "Kazi Afsan Rawnak, Anan"]
[Black "Babaei, Amir Hossein"]
[Result "1-0"]
[ECO "B13"]
[WhiteElo "1410"]
[BlackElo "1286"]
[Annotator "NA RC"]
[PlyCount "81"]
[EventDate "2021.11.21"]
[EventCountry "NET"]
[SourceTitle "playchess.com"]
[Source "ChessBase"]
[SourceQuality "1"]
[TimeControl "3600+30"]

1. e4 c6 2. d4 d5 3. exd5 cxd5 4. Bd3 Nf6 5. Nf3 Bg4 6. c3 e6 7. h3 Bh5 8. Bf4 Bd6 9. Bxd6 Qxd6 10. Nbd2 Nc6 11. O-O O-O 12. Qc2 Bg6 13. Rfe1 Nd7 14. Bxg6 fxg6 15. Re2 Rf6 16. Rae1 Rc8 17. Qb3 Na5 18. Qb5 Nc6 19. Ne5 b6 20. Ng4 Nf8 21. Nxf6+ gxf6 22. Nf3 Kf7 23. c4 dxc4 24. Qxc4 Ne7 25. Qb3 Nd5 26. Rc2 Rd8 27. Rec1 Nf4 28. Rc6 Ne2+ 29. Kf1 Nxd4 30. Rxd6 Nxb3 31. Rc7+ Ke8 32. Rxd8+ Kxd8 33. Rxa7 Nc5 34. b4 Ncd7 35. a4 Nb8 36. a5 bxa5 37. bxa5 e5 38. a6 Nfd7 39. Ra8 Kc7 40. a7 Kb7 41. axb8=Q+ 1-0

[Event "Asian Academies Hybrid Chess-ch 2021"]
[Site "Tornelo"]
[Date "2021.11.21"]
[Round "4.3"]
[White "Gholizadeh, Romina"]
[Black "Warsia, Khusbu"]
[Result "1-0"]
[ECO "D05"]
[WhiteElo "1254"]
[BlackElo "1505"]
[Annotator "NA RC"]
[PlyCount "63"]
[EventDate "2021.11.21"]
[EventCountry "NET"]
[SourceTitle "playchess.com"]
[Source "ChessBase"]
[SourceQuality "1"]
[TimeControl "3600+30"]

1. d4 d5 2. Nf3 Nf6 3. e3 e6 4. Bd3 c5 5. c3 Nc6 6. Nbd2 c4 7. Bc2 Bd6 8. O-O b5 9. e4 Be7 10. exd5 exd5 11. Re1 O-O 12. Ne5 Nxe5 13. Rxe5 Be6 14. Nf3 Bd6 15. Re1 h6 16. Ne5 Nd7 17. Qh5 Nf6 18. Qh4 Ng4 19. Qxd8 Raxd8 20. f4 Nxe5 21. fxe5 Be7 22. Bf4 a5 23. a3 b4 24. axb4 axb4 25. Ra7 Rd7 26. Rea1 Rxa7 27. Rxa7 Re8 28. Ba4 Kf8 29. Bxe8 Kxe8 30. cxb4 Bxb4 31. Kf2 c3 32. Ra4 1-0

[Event "Asian Academies Hybrid Chess-ch 2021"]
[Site "Tornelo"]
[Date "2021.11.21"]
[Round "4.3"]
[White "Ridwan, Rabbani"]
[Black "Dashtpeima, Helia"]
[Result "0-1"]
[ECO "D45"]
[WhiteElo "1170"]
[BlackElo "1278"]
[Annotator "NA RC"]
[PlyCount "36"]
[EventDate "2021.11.21"]
[EventCountry "NET"]
[SourceTitle "playchess.com"]
[Source "ChessBase"]
[SourceQuality "1"]
[TimeControl "3600+30"]

1. d4 d5 2. c4 e6 3. Nc3 Nf6 4. e3 c6 5. Nf3 Nbd7 6. c5 b6 7. b4 a5 8. b5 cxb5 9. cxb6 Nxb6 10. Nxb5 Ba6 11. Qc2 Rc8 12. Qa4 Nxa4 13. Nd6+ Qxd6 14. Bxa6 Qxa6 15. Bd2 Bb4 16. Bxb4 axb4 17. Rb1 Nc3 18. Rxb4 Qe2# 0-1

[Event "Asian Academies Hybrid Chess-ch 2021"]
[Site "Tornelo"]
[Date "2021.11.21"]
[Round "4.4"]
[White "Naimanov, Galymzhan"]
[Black "Amarathunga, Kosala Sandeepa Cham"]
[Result "1/2-1/2"]
[ECO "A08"]
[WhiteElo "1256"]
[BlackElo "1353"]
[Annotator "NA RC"]
[PlyCount "91"]
[EventDate "2021.11.21"]
[EventCountry "NET"]
[SourceTitle "playchess.com"]
[Source "ChessBase"]
[SourceQuality "1"]
[TimeControl "3600+30"]

1. e4 e6 2. d3 d5 3. Nd2 c5 4. Ngf3 Nc6 5. g3 Bd6 6. Bg2 Nge7 7. O-O O-O 8. Re1 Ng6 9. h4 f5 10. Nf1 f4 11. h5 Nge5 12. gxf4 Nxf3+ 13. Bxf3 Bxf4 14. Bxf4 Rxf4 15. Ng3 Ne5 16. Be2 d4 17. Kg2 Qf6 18. Rf1 Bd7 19. f3 Rf8 20. Rf2 Ng4 21. fxg4 Rxf2+ 22. Kg1 Qh4 23. Nf1 Rh2 24. Nxh2 Qg3+ 25. Kh1 Rf2 26. Qg1 Qxg1+ 27. Kxg1 Rxe2 28. Rc1 e5 29. Nf3 Bxg4 30. Nxe5 Bxh5 31. c3 dxc3 32. Rxc3 b6 33. b4 Rxa2 34. bxc5 bxc5 35. Rxc5 g5 36. Nd7 Be2 37. Rxg5+ Kf7 38. Rg2 a5 39. Kh2 Rc2 40. Nc5 Rxc5 41. Rxe2 a4 42. Ra2 Ra5 43. Ra3 Ke6 44. Kg3 Ke5 45. Kf3 h5 46. Ke3 1/2-1/2

[Event "Asian Academies Hybrid Chess-ch 2021"]
[Site "Tornelo"]
[Date "2021.11.21"]
[Round "6.2"]
[White "Ajami, Kiyana"]
[Black "Kazi Afsan Rawnak, Anan"]
[Result "1/2-1/2"]
[ECO "D05"]
[WhiteElo "1170"]
[BlackElo "1410"]
[Annotator "NA RC"]
[PlyCount "71"]
[EventDate "2021.11.21"]
[EventCountry "NET"]
[SourceTitle "playchess.com"]
[Source "ChessBase"]
[SourceQuality "1"]
[TimeControl "3600+30"]

1. d4 d5 2. Nf3 Nf6 3. e3 e6 4. Bd3 c5 5. c3 Bd6 6. Ne5 Bxe5 7. dxe5 Nfd7 8. f4 c4 9. Bc2 Qh4+ 10. g3 Qh3 11. Qe2 b5 12. Nd2 Bb7 13. e4 Nc5 14. b4 Ncd7 15. Bb2 O-O 16. O-O-O a5 17. Kb1 Rc8 18. Qe3 f6 19. Nf3 fxe5 20. fxe5 a4 21. exd5 Bxd5 22. Ng5 Qh6 23. Bxh7+ Kf8 24. Rhf1+ Ke8 25. Qf4 Nc6 26. Be4 Bxe4+ 27. Nxe4 Qg6 28. Ka1 Rcb8 29. Nc5 Ncxe5 30. Nxd7 Nxd7 31. Qd6 Ra7 32. g4 Rb6 33. Qd4 e5 34. Qf2 Rc7 35. h4 Rf6 36. Qg2 1/2-1/2